 Dungeon Crawl Stone Soup version 0.20.1-1-g8b1a95d (webtiles) character file.

22309 TepidLee the Severer (level 12, -1/115 HPs)
             Began as a Minotaur Fighter on Aug 19, 2017.
             Was an Initiate of Gozag.
             Slain by a raiju (8 damage)
             ... on level 3 of the Abyss.
             The game lasted 01:14:18 (13850 turns).

TepidLee the Severer (Minotaur Fighter)            Turns: 13850, Time: 01:14:20

Health: -1/115     AC: 30    Str: 27    XL:     12   Next: 61%
Magic:  12/12      EV:  7    Int:  5    God:    Gozag
Gold:   2529       SH:  0    Dex: 11    Spells: 11/11 levels left

rFire    + . .     SeeInvis .   a - +2 battleaxe (flame)
rCold    + . .     Gourm    .   (shield currently unavailable)
rNeg     . . .     Faith    .   h - +2 plate armour {rC+}
rPois    +         Spirit   .   r - +2 hat
rElec    .         Reflect  .   o - +0 cloak
rCorr    .         Harm     .   R - +0 pair of gloves
MR       .....                  (no boots)
Stlth    ..........             J - amulet of magic regeneration
Regen    0.0/turn               P - ring "Qestox" {+Fly rPois rF+ Stlth+}
MPRegen  0.2/turn               M - ring of Robustness {AC+8}

@: gold aura, non-regenerating, mildly diseased, constricted
A: retaliatory headbutt, hooves 1, horns 2, high mp 1, strong 1
a: Potion Petition, Call Merchant, Bribe Branch, Renounce Religion, Evoke Flight


You were on level 3 of the Abyss.
You worshipped Gozag.
Gozag was most pleased with you.
You were hungry.

You visited 2 branches of the dungeon, and saw 12 of its levels.
You visited the Abyss 1 time.
You also visited: Labyrinth, Ossuary and Volcano.

You collected 2803 gold pieces.
You spent 174 gold pieces at shops.
You paid 100 gold pieces to Gozag.

Inventory:

Hand Weapons
 a - a +2 battleaxe of flaming (weapon)
 b - a +2 war axe of freezing
 p - the +12 glaive of Prune {chop}
   (You took it off a minotaur in a labyrinth)

   It inflicts extra damage upon your enemies.
Armour
 h - a +2 plate armour of cold resistance (worn)
 o - a +0 cloak (worn)
 r - a +2 hat (worn)
 y - a scarf of spirit shield
 R - a +0 pair of gloves (worn)
 T - a +2 chain mail of fire resistance
Jewellery
 I - an uncursed ring of protection from cold
 J - an amulet of magic regeneration (around neck)
 L - an uncursed ring of see invisible
 M - the ring of Robustness (right hand) {AC+8}
   (You found it on level 6 of the Dungeon)

   [ring of protection]

   It affects your AC (+8).
 P - the ring "Qestox" (left hand) {+Fly rPois rF+ Stlth+}
   (You found it on level 2 of the Lair of Beasts)

   [ring of stealth]

   It protects you from fire.
   It protects you from poison.
   It lets you fly.
   It makes you more stealthy.
Wands
 c - a wand of paralysis (7/24)
 d - a wand of clouds (4/9)
 A - a wand of flame (24/48)
 C - a wand of random effects (8/48)
 F - a wand of digging (13/24)
 H - a wand of iceblast (2/15)
 K - a wand of digging (12/24)
 N - a wand of digging (24/24)
 O - a wand of lightning (1/15)
 U - a wand of random effects (31/48)
 W - a wand of digging (5/24)
 X - a wand of digging (7/24)
 Z - a wand of digging (11/24)
Scrolls
 g - 3 scrolls of recharging
 i - 4 scrolls of remove curse
 m - 5 scrolls of fog
 q - 2 scrolls of blinking
 u - 6 scrolls of teleportation
 w - a scroll of silence
 x - 2 scrolls of magic mapping
 z - a scroll of enchant weapon
 E - 6 scrolls of enchant armour
Potions
 e - 3 potions of agility
 k - 6 potions of curing
 l - a potion of invisibility
 n - 6 potions of brilliance
 t - 3 potions of resistance
 D - a potion of mutation
 G - a potion of magic
 S - a potion of ambrosia
Miscellaneous
 Q - a fan of gales
Comestibles
 f - 7 bread rations
 j - 2 meat rations
 s - 5 royal jellies
 v - 5 fruits


   Skills:
 + Level 13.0 Fighting
 * Level 16.9 Axes
 - Level 11.7 Armour
 + Level 5.2 Dodging
   Level 3.6 Shields


You had 11 spell levels left.
You didn't know any spells.

Dungeon Overview and Level Annotations

Branches:
Dungeon (10/15)            Temple (0/1) D:7            Lair (2/6) D:9
  Snake (0/4) Lair:2
  Swamp: Lair:2-4    Shoals: Lair:2-4       Orc: D:9-12

Altars:
Gozag
Vehumet

Shops:
D:9 *

Annotations:
D:10 exclusion: ice statue
Lair:2 exclusion: 2 oklob plants, Sonja


Innate Abilities, Weirdness & Mutations

You reflexively headbutt those who attack you in melee.
You have a pair of horns on your head.
You have large cloven feet.
You have an increased reservoir of magic. (+10% MP)
Your muscles are strong. (Str +2)


Message History

You kick the tentacled monstrosity. You headbutt the tentacled monstrosity!
The tentacled monstrosity is heavily wounded.
The tentacled monstrosity tentacle-slaps you.
* * * LOW HITPOINT WARNING * * *
The tentacled monstrosity tentacle-slaps you but does no damage. x2
The tentacled monstrosity constricts you.
Your plate armour prevents you from hitting the tentacled monstrosity.
The tentacled monstrosity is heavily wounded.
Your plate armour prevents you from hitting the raiju.
The tentacled monstrosity tentacle-slaps you but does no damage.
The tentacled monstrosity tentacle-slaps you.
* * * LOW HITPOINT WARNING * * *
The tentacled monstrosity tentacle-slaps you but does no damage.
* * * LOW HITPOINT WARNING * * *
The tentacled monstrosity constricts you.
The raiju bites you.
* * * LOW HITPOINT WARNING * * *
The raiju shocks you!
You die...
Your body crumbles into a pile of gold.

# # .##h#..#.#.# .
#### ##...###... .
## ...## #..# .##.
#.# ....# ....####
##..#.##. #..#...
## #....#
#.}..#.###.#..#)..#
#.....#.h#..##. .##
#..$@Xh..# .##
#.....###### .#
###... .# #.### . #


You could see a tentacled monstrosity and 2 raiju.

Vanquished Creatures
  A minotaur (Lab)
  A fire dragon (Volcano)
  4 two-headed ogres (Volcano)
  The ghost of tidbits the Martial Artist, a novice DgTm (D:8)
  Pikel (D:6)
  3 salamanders (Volcano)
  A fire giant skeleton (Abyss:2)
  Joseph (D:9)
  A smoke demon (Abyss:1)
  2 spiny frogs
  3 rime drakes
  3 ancient zymes
  A hellwing (Abyss:3)
  A queen bee (Lair:2)
  Grinder (D:3)
  3 raiju (Abyss:3)
  3 blink frogs (Lair:2)
  2 hippogriffs (Lair:2)
  Sigmund (D:2)
  12 fire bats
  5 wyverns
  5 yaks (Lair:2)
  A hungry ghost (D:7)
  4 steam dragons (Volcano)
  3 basilisks (Lair:2)
  3 wargs (D:9)
  Menkaure (D:4)
  2 water moccasins (Lair:2)
  3 porcupines
  Duvessa (D:6)
  5 ice beasts
  An orc warrior (D:7)
  2 slaves (D:6)
  2 sky beasts
  3 ogres
  2 wolves (Lair:2)
  2 centaurs (D:5)
  A necrophage (D:9)
  9 crocodiles
  6 bullfrogs
  Blork the orc (D:6)
  3 elf zombies (D:5)
  Dowan (D:6)
  4 scorpions
  25 killer bees (Lair:2)
  7 wights
  An electric eel (Lair:1)
  2 crimson imps
  3 small abominations
  2 jellies
  A hound (D:9)
  14 orc wizards
  2 human zombies (D:5)
  5 orc priests
  Crazy Yiuf (D:2)
  A bullfrog skeleton (D:5)
  A centaur skeleton (D:5)
  A human skeleton (D:5)
  6 worker ants
  An iguana (D:5)
  A hound zombie (D:7)
  3 hound skeletons
  3 mummies (Ossuary)
  4 gnolls (D:5)
  A worker ant zombie (D:6)
  A howler monkey skeleton (D:6)
  11 adders
  2 shadow imps (D:5)
  3 white imps
  An ooze (D:5)
  5 adder zombies
  2 worms
  A dart slug (D:2)
  8 leopard geckos
  42 orcs
  A ball python (D:2)
  5 bats
  6 giant cockroaches
  A gnoll zombie (Ossuary)
  8 goblins
  4 hobgoblins
  5 jackals
  11 kobolds
  4 quokkas
  2 goblin zombies (Ossuary)
  3 hobgoblin zombies (Ossuary)
  A jackal skeleton (D:4)
  4 kobold zombies (Ossuary)
  4 orc skeletons (D:5)
  An orc zombie (D:5)
  2 quokka skeletons
  3 quokka zombies (Ossuary)
  16 rats
  3 rat zombies (Ossuary)
  2 fungi (Lair:2)
  9 plants (Volcano)
372 creatures vanquished.

Vanquished Creatures (others)
  A wyvern (Volcano)
  A centaur skeleton (D:6)
  The ghost of equalderp2856 the Magician, a weakling SpWz (D:5)
  3 fungi (Lair:2)
  30 plants
36 creatures vanquished.

Grand Total: 408 creatures vanquished

Notes
Turn   | Place    | Note
-------+----------+-------------------------------------------
     0 | D:1      | TepidLee the Minotaur Fighter began the quest for the Orb.
     0 | D:1      | Reached XP level 1. HP: 19/19 MP: 0/0
   140 | D:1      | Reached XP level 2. HP: 27/27 MP: 1/1
   360 | D:1      | Reached skill level 3 in Axes
   513 | D:2      | Reached XP level 3. HP: 33/33 MP: 2/2
   726 | D:2      | Noticed Sigmund
  1024 | D:2      | Reached skill level 4 in Axes
  1373 | D:1      | Reached XP level 4. HP: 26/40 MP: 3/3
  1646 | D:2      | Killed Sigmund
  1646 | D:2      | Reached skill level 5 in Axes
  1646 | D:2      | Reached skill level 5 in Armour
  1646 | D:2      | Reached XP level 5. HP: 47/47 MP: 4/4
  2013 | D:2      | Found a runed door.
  2021 | D:2      | Noticed Crazy Yiuf
  2025 | D:2      | Killed Crazy Yiuf
  2025 | D:2      | Reached XP level 6. HP: 44/55 MP: 5/5
  2150 | D:3      | Reached skill level 5 in Fighting
  2377 | D:3      | Noticed Grinder
  2488 | D:3      | Killed Grinder
  2488 | D:3      | Reached skill level 6 in Axes
  2870 | D:4      | Reached XP level 7. HP: 61/61 MP: 6/6
  2942 | D:4      | Reached skill level 7 in Axes
  3239 | D:4      | Noticed Menkaure
  3480 | D:4      | Killed Menkaure
  3757 | D:5      | Entered Level 5 of the Dungeon
  3762 | D:5      | Reached skill level 8 in Axes
  3781 | D:5      | Reached XP level 8. HP: 47/71 MP: 7/7
  3991 | D:5      | Found a sand-covered staircase.
  3997 | Ossuary  | Entered an ossuary
  4322 | D:5      | Reached skill level 9 in Axes
  4442 | D:5      | Killed equalderp2856's ghost
  5296 | D:5      | Reached skill level 10 in Axes
  5488 | D:6      | Noticed Blork the orc
  5496 | D:6      | Killed Blork the orc
  5588 | D:6      | Found an opulent altar of Gozag.
  5636 | D:6      | Became a worshipper of Gozag Ym Sagoz the Greedy
  5656 | D:6      | Noticed Pikel
  5666 | D:6      | Reached XP level 9. HP: 81/81 MP: 8/8
  5670 | D:6      | Killed Pikel
  5720 | D:6      | Noticed Duvessa
  5720 | D:6      | Noticed Dowan
  5722 | D:6      | Killed Dowan
  5722 | D:6      | Reached skill level 11 in Axes
  5730 | D:6      | Killed Duvessa
  6450 | D:7      | Found a staircase to the Ecumenical Temple.
  6464 | D:7      | Reached skill level 12 in Axes
  6705 | D:8      | Noticed tidbits's ghost (novice DgTm)
  6766 | D:8      | Killed tidbits's ghost
  6766 | D:8      | Reached XP level 10. HP: 91/91 MP: 9/9
  7580 | D:9      | Reached skill level 13 in Axes
  7593 | D:9      | Found a staircase to the Lair.
  7659 | D:9      | Found Sisma's General Store.
  7667 | D:9      | Bought a potion of flight for 36 gold pieces
  7667 | D:9      | Bought a scroll of remove curse for 36 gold pieces
  7667 | D:9      | Bought a potion of degeneration for 12 gold pieces
  7667 | D:9      | Bought a scroll of enchant armour for 90 gold pieces
  7874 | D:9      | Reached skill level 10 in Fighting
  7925 | D:9      | Noticed Joseph
  7949 | D:9      | Killed Joseph
  7949 | D:9      | Reached skill level 10 in Armour
  8294 | D:10     | Entered Level 10 of the Dungeon
  8345 | D:10     | Noticed an ice statue
  9225 | Lair:1   | Entered Level 1 of the Lair of Beasts
  9225 | Lair:1   | Noticed a spiny frog
  9240 | Lair:1   | Killed a spiny frog
  9322 | Lair:1   | Found a dark tunnel.
  9330 | Volcano  | Entered a volcano
  9333 | Volcano  | Noticed a two-headed ogre
  9340 | Volcano  | Killed a two-headed ogre
  9346 | Volcano  | Reached skill level 14 in Axes
  9411 | Volcano  | Noticed a salamander
  9416 | Volcano  | Reached XP level 11. HP: 80/101 MP: 10/10
  9655 | Volcano  | Noticed a two-headed ogre
  9665 | Volcano  | Killed a two-headed ogre
 10125 | Volcano  | Noticed a two-headed ogre
 10137 | Volcano  | Killed a two-headed ogre
 10433 | Volcano  | Noticed a two-headed ogre
 10442 | Volcano  | Killed a two-headed ogre
 10442 | Volcano  | Reached skill level 15 in Axes
 10524 | Volcano  | Noticed a fire dragon
 10536 | Volcano  | Killed a fire dragon
 10929 | Lair:1   | Reached skill level 1 in Dodging
 10982 | Lair:1   | Found a radiant altar of Vehumet.
 11459 | Lair:2   | Noticed an oklob plant
 11461 | Lair:2   | Noticed an oklob plant
 11473 | Lair:2   | Found a labyrinth entrance.
 11496 | Lab      | Entered a labyrinth
 11660 | Lab      | Noticed a minotaur
 11669 | Lab      | Killed a minotaur
 12021 | Lair:2   | Reached XP level 12. HP: 112/112 MP: 11/11
 12356 | Lair:2   | Found a staircase to the Snake Pit.
 12410 | Lair:2   | Noticed Sonja
 12787 | Lair:2   | Reached skill level 16 in Axes
 13005 | Lair:2   | Got a smoking marble ring
 13007 | Lair:2   | Identified the ring "Qestox" {+Fly rPois rF+ Stlth+} (You found it on level 2 of the Lair of Beasts)
 13152 | Lair:2   | Cast into level 1 of the Abyss (Sonja)
 13340 | Abyss:1  | Noticed a bone dragon
 13383 | Abyss:1  | Noticed a rakshasa
 13556 | Abyss:2  | Gained mutation: You are resistant to hostile enchantments. (MR+) [potion of mutation]
 13556 | Abyss:2  | Gained mutation: Your spells are a little harder to cast, but a little more powerful. [potion of mutation]
 13557 | Abyss:2  | Lost mutation: Your spells are a little harder to cast, but a little more powerful. [potion of mutation]
 13557 | Abyss:2  | Lost mutation: You are resistant to hostile enchantments. (MR+) [potion of mutation]
 13557 | Abyss:2  | Gained mutation: Your muscles are strong. (Str +2) [potion of mutation]
 13557 | Abyss:2  | Gained mutation: You have large cloven feet. [potion of mutation]
 13557 | Abyss:2  | Gained mutation: You have an increased reservoir of magic. (+10% MP) [potion of mutation]
 13606 | Abyss:2  | Reached skill level 5 in Dodging
 13780 | Abyss:3  | Noticed an angel
 13781 | Abyss:3  | Found a corrupted altar of Lugonu.
 13823 | Abyss:3  | Noticed a tentacled monstrosity
 13850 | Abyss:3  | Slain by a raiju

Skill      XL: |  1  2  3  4  5  6  7  8  9 10 11 12 |
---------------+-------------------------------------+-----
Armour         | 4 5 6 7 9 10 11 | 11.7
Axes           | 3 4 5 6 8 10 12 14 15 16 | 16.9
Fighting       | 4 5 6 7 9 10 12 13 | 13.0
Dodging        | 2 5 |  5.2
Shields        | |  3.6

Action                   |  1- 3 |  4- 6 |  7- 9 | 10-12 || total
-------------------------+-------+-------+-------+-------++-------
Melee: War axe           |   102 |    71 |    26 |   190 ||   389
       Headbutt          |    14 |     8 |    66 |   107 ||   195
       Hand axe          |       |       |   360 |   111 ||   471
       Battleaxe         |       |       |       |   217 ||   217
       Kick              |       |       |       |    14 ||    14
Evoke: Wand              |       |       |     1 |    13 ||    14
  Use: Scroll            |       |     7 |     7 |    22 ||    36
       Potion            |       |     1 |       |     8 ||     9
 Stab: Distracted        |       |       |     1 |     7 ||     8
  Eat: Chunk             |     1 |     5 |    10 |       ||    16
       Royal jelly       |       |       |     1 |     3 ||     4
       Fruit             |       |       |     1 |     2 ||     3
       Meat ration       |       |       |       |     3 ||     3
Armor: Scale mail        |    46 |    27 |    98 |       ||   171
       Chain mail        |       |       |    10 |   160 ||   170
       Plate armour      |       |       |       |   171 ||   171
Dodge: Dodged            |    26 |    18 |    62 |   181 ||   287
Block: Shield            |    35 |    34 |   152 |   106 ||   327
